 Dungeon Crawl Stone Soup version 0.31-a0-232-gb1c03b2570 (webtiles) character file.

Game seed: 16086633034926642663

19 qw the Shooter (level 2, -1/24 HPs)
             Began as a Minotaur Hexslinger on July 7, 2023.
             Slain by an adder (2 damage)
             ... on level 1 of the Dungeon.
             The game lasted 00:00:17 (894 turns).

qw the Shooter (Minotaur Hexslinger)                 Turns: 894, Time: 00:00:17

Health: -1/24      AC:  2    Str: 12    XL:     2   Next: 55%
Magic:  2/2        EV: 12    Int: 10    God:
Gold:   46         SH:  0    Dex: 12    Spells: 2/3 levels left

rFire   . . .        Y - +1 sling
rCold   . . .        (no shield)
rNeg    . . .        c - +0 robe
rPois   .            (helmet restricted)
rElec   .            (no cloak)
rCorr   .            (no gloves)
SInv    .            (no boots)
Will    .....        (no amulet)
Stlth   +            (no ring)
HPRegen 0.24/turn    (no ring)
MPRegen 0.08/turn

%: no passive effects
@: brilliant, lethally poisoned (-1 -> -4), about to teleport
A: horns 2, retaliatory headbutt
a: no special abilities


You were on level 1 of the Dungeon.
You visited 1 branch of the dungeon, and saw 2 of its levels.

You collected 46 gold pieces.


Innate Abilities, Weirdness & Mutations

You have a pair of horns on your head.
You reflexively headbutt those who attack you in melee.


   Skills:
 - Level 2.0 Fighting
 + Level 3.2 Ranged Weapons
 - Level 2.1 Dodging
 - Level 1.0 Spellcasting
 - Level 2.0 Hexes


You had 2 spell levels left.
You knew the following spells:

 Your Spells              Type           Power      Damage    Failure   Level
a - Slow                  Hex            24%        N/A       16%         1

Your spell library contained the following spells:

 Spells                   Type           Power      Damage    Failure   Level
 Inner Flame              Hex/Fire       3%         N/A       56%         3
 Portal Projectile        Hex/Tloc       6%         N/A       56%         3
 Cause Fear               Hex            3%         N/A       83%         4

Inventory:

Hand Weapons
 Y - a +1 sling (weapon)
Armour
 c - a +0 robe (worn)
Scrolls
 h - a scroll of teleportation
Potions
 d - a potion of mutation {unknown}
 i - a potion of lignification {unknown}

Dungeon Overview and Level Annotations

Branches:
Dungeon (2/15)

Altars:


Message History

The adder is moderately wounded.
A frilled lizard comes into view.
The adder bites you.
The frilled lizard moves out of view.
885 ||| STAIRDANCE The adder bites you.
You climb upwards.
There is a stone staircase leading down here.
You shoot a sling bullet.
The sling bullet closely misses the adder.
The adder misses you. The adder bites you.
You shoot a sling bullet.
The sling bullet hits the adder but does no damage.
The adder is severely wounded.
The adder closely misses you.
You shoot a sling bullet. The sling bullet misses the adder.
The adder misses you. The adder bites you.
You are poisoned.
The adder poisons you!
You shoot a sling bullet.
The sling bullet barely misses the adder.
You feel very sick. The adder bites you.
You are lethally poisoned!
The adder poisons you! The adder bites you.
You shoot a sling bullet.
The sling bullet closely misses the adder.
You feel very sick. The adder closely misses you.
892 ||| READING 2 scrolls of teleportation.
As you read the scroll of teleportation, it crumbles to dust.
You feel strangely unstable.
You feel sick. The adder closely misses you. x2
You shoot a sling bullet.
The sling bullet hits the adder but does no damage.
The adder is severely wounded.
You feel sick. The adder closely misses you.
You shoot a sling bullet.
The sling bullet closely misses the adder.
You feel sick. The adder bites you.
You die...

#.....# #.##### # ##########.#
### #..........# #..
#..........# #.#
#..........##### #.#
#.....¤........# #.#
#.....¤........########### #.#
#....¤¤"......@S.........####.#
#########......................
#.................###.##.#
#.................###.##.#
#.....##..).......###.##..
##....##...#'######.....(.
##.######.#..#####.###.## #.#
#....##+#####.###'## ###.#
#.#####.#####.###.##


You could see an adder.

Vanquished Creatures
  2 endoplasms (D:1)
  2 giant cockroaches (D:1)
  2 goblins (D:1)
  A hobgoblin (D:1)
  5 ball pythons (D:1)
  3 frilled lizards (D:1)
  A kobold (D:1)
  3 rats (D:1)
19 creatures vanquished.

Notes
Turn   | Place    | Note
-------+----------+-------------------------------------------
     0 | D:1      | qw the Minotaur Hexslinger began the quest for the Orb.
     0 | D:1      | Reached XP level 1. HP: 16/16 MP: 1/1
     0 | D:1      | 0 ||| qw: Version: 0.3-a-46-gb1f654a
     0 | D:1      | 0 ||| qw: Game counter: 2155
     0 | D:1      | 0 ||| qw: Melee chars always use a shield: true
     0 | D:1      | 0 ||| qw: God list: Okawaru
     0 | D:1      | 0 ||| qw: Allow faded altars: false
     0 | D:1      | 0 ||| qw: Do Orc after clearing Dungeon:15 true
     0 | D:1      | 0 ||| qw: Do second Lair branch before Depths: true
     0 | D:1      | 0 ||| qw: Lair rune preference: random
     0 | D:1      | 0 ||| qw: Goals: Normal
     0 | D:1      | 0 ||| PLANNING D:1-11
    93 | D:1      | Reached skill level 3 in Ranged Weapons
    93 | D:1      | Reached XP level 2. HP: 11/23 MP: 2/2
   144 | D:1      | Found a faded altar of an unknown god.
   848 | D:1      | 848 ||| DROPPING amulet of magic regeneration.
   849 | D:1      | 849 ||| READING scroll labelled VESOGO JETYU.
   850 | D:1      | 850 ||| READING scroll labelled DUFINI ZAWU.
   851 | D:1      | 851 ||| READING 3 scrolls labelled IDWA KYIVUIDAL.
   854 | D:1      | 854 ||| READING scroll labelled ILEONW LUJEDIW.
   855 | D:1      | 855 ||| DRINKING 2 bubbling puce potions.
   856 | D:1      | 856 ||| DROPPING scroll of poison.
   857 | D:1      | 857 ||| DROPPING potion of brilliance.
   885 | D:2      | 885 ||| STAIRDANCE
   891 | D:1      | HP: 6/24 [poisoned by an adder]
   892 | D:1      | 892 ||| READING 2 scrolls of teleportation.
   894 | D:1      | HP: 1/24 [poisoned by an adder]
   894 | D:1      | Slain by an adder

Levels and vault maps discovered:
D:1:      nzn_arrival_depleted_hourglass, layout_basic,
          nicolae_ecumenical_snake_handling, nicolae_hexahallways
D:2:      layout_basic, basic_altar, kennysheep_generic_room_7

Skill      XL: |  1  2 |
---------------+-------+-----
Ranged Weapons | 3 |  3.2
Fighting       | 2 |  2.0
Dodging        | |  2.1
Spellcasting   | |  1.0
Hexes          | |  2.0

Action                     || total
---------------------------++-------
   Fire: Sling             ||    57
    Use: Scroll            ||     5
         Potion            ||     1
 Armour: Robe              ||     5
  Dodge: Dodged            ||    19

Table legend:
 A = Non-vault XP
 B = Vault XP
 C = Vault XP percentage of total XP
 D = Non-vault monster count
 E = Vault monster count
 F = Vault count percentage of total count
                 A         B        C        D         E       F
            +---------+---------+-------+---------+---------+-------
      Total |      22 |       6 |  21.4 |      15 |       4 |  21.1
            +---------+---------+-------+---------+---------+-------
        D:1 |      22 |       6 |  21.4 |      15 |       4 |  21.1
            +---------+---------+-------+---------+---------+-------
